Gretchen, chaotic female human Barbarian --------------------- ..[)................| ----------------------------%.| |.....^..........).........|..| |.............<...............| .. ---............%^*...........|..|. .. |................[...........|%%|.. # -..------------------------------..|-. # |..........Xc@J. .%.|... # ------..------------- -..|.... # |.......|----------------------- |..|..... # |----.- |..............%.)....)| |..|....... # |...|.| --------------------.|%-------..|.....|.. # -------------.{.|.|---------------------.|.^........|.....|.... # |...............|.-......................|-------------..-----... # |.---------------%|---------------------.|......................... # |.................| |.....................|........ ------------------- -------------------------------- Gretchen the Barbarian Experience level: 9 Strength: 25 Dexterity: 17 Constitution: 18 Intelligence: 7 Wisdom: 8 Charisma: 6 Health: 0(99) Energy: 25(25) Def: 19 Gold: 154 Moves: 6148 Dungeon seed [set]: Game ID: Gretchen_1685878015 Your Inventory: Coins $ - 154 gold pieces Amulets K - an uncursed amulet of unchanging (being worn) Weapons H - 8 uncursed +0 daggers Z - a blessed corroded +0 battle-axe (weapon in hands) Armor e - a blessed +0 dwarvish iron helm (being worn) f - an uncursed +0 pair of jumping boots (being worn) j - an uncursed +0 cloak of protection (being worn) k - an uncursed +0 pair of gauntlets of power (being worn) z - a blessed +1 dwarvish mithril-coat (being worn) Comestibles E - 2 uncursed lembas wafers S - 2 uncursed fortune cookies T - an uncursed eucalyptus leaf U - an uncursed partly eaten food ration Scrolls I - an uncursed scroll of light Wands V - an uncursed wand of speed monster (0:1) Tools a - an uncursed magic whistle h - an uncursed fire horn (0:6) l - an uncursed door key n - an uncursed blindfold C - an uncursed partly used wax candle (lit) (0:388) F - an uncursed bag of holding Q - an uncursed +0 pick-axe Gems q - an uncursed luckstone Contents of the bag of holding: 1505 gold pieces 4 [cursed] [+0] daggers an uncursed [+0] alchemy smock a blessed +0 pair of water walking boots 2 [uncursed] bananas 2 [uncursed] food rations a [uncursed] lizard corpse a [uncursed] tripe ration a [blessed] scroll of blank paper a [uncursed] scroll of blank paper an uncursed scroll of consecration a [uncursed] scroll of destroy armor a [cursed] scroll of enchant armor a [cursed] scroll of fire 2 cursed scrolls of identify a [uncursed] scroll of identify 2 [uncursed] scrolls of light a [blessed] scroll of light an uncursed scroll of punishment a [uncursed] spellbook of haste self a [uncursed] potion of blindness a [uncursed] potion of fruit juice a [uncursed] potion of levitation a [uncursed] potion of object detection an uncursed potion of polymorph a blessed potion of restore ability an uncursed potion of sleeping 2 uncursed potions of water a [uncursed] [+1] ring of gain strength a [uncursed] ring of hunger a [uncursed] ring of see invisible an uncursed wand of enlightenment [0:11] a [uncursed] wand of enlightenment [0:11] a [uncursed] bronze key an uncursed magic marker [0:33] a [uncursed] saddle 5 [cursed] wax candles [0:400] 3 [uncursed] amethysts a [uncursed] chrysoberyl 2 [uncursed] diamonds 3 [uncursed] emeralds a [uncursed] obsidian 2 [uncursed] rubies a [uncursed] worthless piece of blue glass 3 [uncursed] worthless pieces of green glass 2 [uncursed] worthless pieces of orange glass 3 [uncursed] worthless pieces of violet glass 2 [uncursed] worthless pieces of white glass Spells and supernatural/magical abilities: Name Level Category Fail Memory W - pray for help -- divine ? -- Y - supernatural jump -- ability ? -- Your skills at the end: Miscellaneous Skills bare handed combat [Basic] Weapon Skills axe [Expert] short sword [Basic] Spellcasting Skills Final Attributes: You were piously aligned. You were cold resistant. You were poison resistant. Your writing hand was ok. You were telepathic. You could jump. You were protected. You could not change from your current form. You were lucky. You had extra luck. Bad luck did not time out for you. Good luck did not time out for you. You are dead. Vanquished creatures: a disenchanter a giant mimic an elf-lord 3 winter wolves a quantum mechanic a small mimic a freezing sphere a mountain centaur an elf mummy a leather golem a giant beetle 2 leprechauns 2 lizards 4 giant spiders 3 gnome kings a yeti a gold golem a dog 2 housecats a dwarf lord 8 pit vipers an ape a soldier ant a baby crocodile an orc shaman a rock piercer a fog cloud a shrieker 18 gnome lords a gnomish wizard 2 gray oozes a paper golem 3 giant ants a floating eye a kitten 20 dwarves a homunculus 2 kobold lords 3 iguanas 2 rothes 6 coyotes 5 hobbits 4 acid blobs a gecko 4 hobgoblins 3 yellow molds 72 gnomes a jackal a kobold 7 newts 3 goblins 3 sewer rats 13 grid bugs 4 bats a lichen 228 creatures vanquished. Voluntary challenges: You did not cause conflict. You were not invisible. You did not have reflection. You were not displaced. You had been an atheist until turn 1809. You donated to temples 3 times (receiving 5 points of protection), starting on turn 4159. You received temple protection 2 times, starting on turn 4571. You used a wielded weapon 279 times, starting on turn 2. You did not apply a unicorn horn. You did not use plumbed fixtures. You did not drink any magical draughts. You read items or engraved 1 time, starting on turn 5730. You never genocided any monsters. You never polymorphed an object. You never changed form. You used no wishes. You did not use any artifacts. You never split a pudding. You never wrote Elbereth's name. You never violated your personal moral code. Dungeon overview: The Dungeons of Doom: levels 1 to 5 Level 1 some fountains a long staircase Level 2 an armor shop, a fountain Level 3 some fountains stairs to The Gnomish Mines Level 4 a vault, a scroll shop, a fountain Level 5 The Gnomish Mines: levels 4 to 12 Level 4 stairs to The Dungeons of Doom Level 5 Level 6 Level 7 many shops, a temple to Crom, a magic chest, some fountains, some trees Level 8 Level 9 Level 10 Level 11 Level 12 <- You were here a fountain History has recorded: On T:1 you entered the Dungeons of Doom to retrieve the Amulet of Yendor! On T:346 you reached level 2 of The Dungeons of Doom. On T:475 you reached level 3 of The Dungeons of Doom. On T:594 you advanced to experience level 2. On T:1266 you advanced to experience level 3. On T:1313 you reached level 4 of The Dungeons of Doom. On T:1440 you advanced to experience level 4. On T:1563 you reached level 5 of The Dungeons of Doom. On T:1809 you prayed to Set. On T:1850 you reached level 1 of The Gnomish Mines. On T:1860 you advanced to experience level 5. On T:2452 you reached level 2 of The Gnomish Mines. On T:2522 you advanced to experience level 6. On T:2837 you unlocked the Caveman role by digging. On T:2894 you reached level 5 of The Gnomish Mines. On T:2947 you reached level 6 of The Gnomish Mines. On T:3101 you reached level 4 of The Gnomish Mines. On T:3205 you advanced to experience level 7. On T:3234 you reached level 3 of The Gnomish Mines. On T:3616 you entered the Minetown temple On T:3624 you opened a magic chest. On T:5065 you advanced to experience level 8. On T:5207 you reached level 7 of The Gnomish Mines. On T:5373 you reached level 8 of The Gnomish Mines. On T:5436 you reached level 9 of The Gnomish Mines. On T:5436 you reached the bottom of the Mines. On T:5436 you unlocked the dwarven race by reaching the bottom of the Mines. On T:5436 you unlocked the race option by reaching the bottom of the Mines. On T:5436 you unlocked the showrace option by reaching the bottom of the Mines. On T:5544 you advanced to experience level 9. Score breakdown: Gold: 1659 ( 165 points) Experience: 9 levels ( 800 points) Exploration: 12 levels ( 330 points) Discoveries: 50 items ( 2000 points) Variety of kills: 55 monsters ( 2000 points) Major goal: reached Mine's End ( 1000 points) Survival: died (score multiplied by 3) Total score: 18885 Latest messages: Your iron battle-axe sears the elf-lord's flesh! You kill the elf-lord! The xorn misses. (2x) The xorn claws you! The xorn misses. The red dragon bites! The red dragon claws you! (2x) There are a few objects here. The red dragon breathes fire! The blast of fire misses the xorn. The blast of fire whizzes by you! The blast of fire hits it. It is missed. You are almost hit by a crossbow bolt. Monsters suddenly arrive from nowhere! You swing your battle-axe in a wide arc. You smite the cockatrice! The cockatrice misses. The cockatrice touches you! The jabberwock bites! (2x) The jabberwock claws you! (2x) You die... Final status: Goodbye Gretchen the Barbarian, killed by a jabberwock... You died in The Gnomish Mines on dungeon level 12 with 18885 points, and 1659 pieces of gold, after 6148 moves. You were level 9 with a maximum of 99 hit points when you died.